 Dungeon Crawl Stone Soup version 0.32-a0-995-gb4a59205af (webtiles) character file.

Game seed: 1670159794596518774

34827 jasper the Toxicologist (level 13, -3/103 HPs)
             Began as a Demonspawn Alchemist on Apr 22, 2024.
             Was an Initiate of Gozag.
             Shot with an arrow by Nessos (6 damage)
             ... on level 4 of the Lair of Beasts.
             The game lasted 00:31:04 (15666 turns).

jasper the Toxicologist (Demonspawn Alchemist)     Turns: 15666, Time: 00:31:05

Health: -3/103     AC: 16    Str:  9    XL:     13   Next: 44%
Magic:  0/22       EV: 20    Int: 21    God:    Gozag
Gold:   1920       SH:  0    Dex: 13    Spells: 3/24 levels left

rFire   . . .        x - +3 dagger (venom)
rCold   . . .        (no shield)
rNeg    + . .        a - +1 robe
rPois   +            z - +0 helmet "Sopeopn" {rN+}
rElec   .            m - +0 cloak
rCorr   .            J - +0 pair of gloves
SInv    .            n - +0 pair of boots
Will    .....        l - amulet of magic regeneration
Stlth   ++           P - ring of poison resistance
HPRegen 0.37/turn    O - +5 ring of evasion
MPRegen 0.76/turn

%: guardian spirit
@: radiating poison, sanguine armoured
A: hooves 1, magic shield, magic regeneration, sanguine armour 2, demonic magic
3
a: Renounce Religion, Potion Petition, Call Merchant, Bribe Branch


You were on level 4 of the Lair of Beasts.
You worshipped Gozag.
Gozag was most pleased with you.
You visited 2 branches of the dungeon, and saw 15 of its levels.
You also visited: Bailey.

You collected 4119 gold pieces.
You spent 2059 gold pieces at shops.
You paid 140 gold pieces to Gozag.

Inventory:

Hand Weapons
 d - a +0 club
 f - a +0 short sword
 v - the +0 sling of Causality {flame, rN+ Will+ Int+3}
   (You found it on level 4 of the Dungeon)

   Int+3:     It affects your intelligence (+3).
   rN+:       It protects you from negative energy.
   Will+:     It increases your willpower.
 x - a +3 dagger of venom (weapon)
Missiles
 r - 10 boomerangs
 W - 3 throwing nets
Armour
 a - a +1 robe (worn)
 g - a +0 kite shield
 m - a +0 cloak (worn)
 n - a +0 pair of boots (worn)
 q - the +0 ring mail of the Blind Marksman {Int+3 SInv}
   (You found it on level 4 of the Dungeon)

   Int+3:     It affects your intelligence (+3).
   SInv:      It lets you see invisible.
 s - an orb of wrath
 z - the +0 helmet "Sopeopn" (worn) {rN+}
   (You found it on level 4 of the Dungeon)

   rN+:       It protects you from negative energy.
 B - a +2 kite shield
 E - +0 swamp dragon scales
 J - a +0 pair of gloves (worn)
Jewellery
 i - the ring of Zoqalus {Slay+4 Stlth+}
   (You found it on level 2 of the Dungeon)

   [ring of slaying]

   Slay+4:    It affects your accuracy & damage with ranged weapons and melee
   (+4).
   Stlth+:    It makes you more stealthy.
 l - an amulet of magic regeneration (around neck)
 K - a +4 ring of slaying
 N - an amulet of the acrobat
 O - a +5 ring of evasion (right hand)
 P - a ring of poison resistance (left hand)
Wands
 o - a wand of paralysis (9)
 C - a wand of flame (14)
 V - a wand of digging (9)
 Z - a wand of warping (6)
Scrolls
 e - 7 scrolls of immolation
 t - 5 scrolls of fog
 w - 7 scrolls of amnesia
 y - 6 scrolls of enchant armour
 A - 4 scrolls of blinking
 F - 2 scrolls of revelation
 H - a scroll of vulnerability
 I - 7 scrolls of teleportation
 Q - 2 scrolls of enchant weapon
 R - a scroll of fear
 S - a scroll of silence
 T - a scroll of poison
 X - 5 scrolls of identify
Potions
 b - a potion of magic
 c - 3 potions of brilliance
 h - 5 potions of might
 j - a potion of resistance
 k - 4 potions of lignification
 p - 10 potions of curing
 u - a potion of cancellation
 G - 5 potions of attraction
 L - a potion of mutation
 M - 2 potions of haste
 U - 2 potions of enlightenment
 Y - a potion of heal wounds {unknown}
Miscellaneous
 D - a condenser vane


   Skills:
 - Level 10.0 Fighting
 - Level 10.0 Dodging
 - Level 1.7 Stealth
 + Level 10.3 Shields
 - Level 6.0 Spellcasting
 - Level 8.0 Conjurations
 - Level 4.0 Fire Magic
 - Level 10.5 Alchemy


You had 3 spell levels left.
You knew the following spells:

 Your Spells              Type           Power      Damage    Failure   Level
a - Sting                 Conj/Alch      100%       1d9       1%          1
b - Mephitic Cloud        Conj/Alch/Air  32%        N/A       2%          3
c - Olgreb's Toxic Radia  Alch           50%        N/A       1%          4
d - Sticky Flame          Fire/Alch      36%        2d8       4%          4
e - Irradiate             Conj/Alch      22%        3d19      6%          5
f - Ignite Poison         Fire/Alch      36%        N/A       4%          4

Your spell library contained the following spells:

 Spells                   Type           Power      Damage    Failure   Level
 Foxfire                  Conj/Fire      100%       2x1d9     1%          1
 Magic Dart               Conj           100%       1d8       1%          1
 Mercury Vapours          Alch/Air       56%        N/A       1%          2
 Scorch                   Fire           46%        2d6       2%          2
 Cigotuvi's Dreadful Rot  Necr/Alch/Air  42%        N/A       3%          2
 Dazzling Flash           Conj/Hex       46%        N/A       5%          3
 Hailstorm                Conj/Ice       23%        3d7       5%          3
 Freeze                   Ice            24%        1d4       10%         1
 Summon Small Mammal      Summ           24%        N/A       10%         1
 Inner Flame              Hex/Fire       14%        N/A       13%         3
 Call Canine Familiar     Summ           6%         N/A       28%         3
 Frozen Ramparts          Ice            12%        1d2       28%         3
 Flame Wave               Conj/Fire      31%        2d9       9%          4
 Eringya's Noxious Bog    Alch           25%        4d6       21%         6
 Summon Blazeheart Golem  Fire/Summ      14%        N/A       38%         4
 Dispel Undead            Necr           6%         3d8       67%         4
 Martyr's Knell           Necr/Summ      6%         N/A       67%         4
 Silence                  Hex/Air        3%         N/A       95%         5
 Summon Cactus Giant      Summ           3%         N/A       100%        6
 Ignition                 Fire           11%        3d5       100%        8
 Fire Storm               Conj/Fire      15%        8d4       100%        9


Dungeon Overview and Level Annotations

Branches:
Dungeon (11/15)            Temple (0/1) D:7            Lair (4/5) D:10
 Shoals (0/4) Lair:2       Spider (0/4) Lair:3          Orc (0/2) D:10
 Bailey (visited)
  Slime: Lair:4-5

Altars:
Ashenzari
Dithmenos
Fedhas
Gozag
Hepliaklqana
Kikubaaqudgha
Nemelex Xobeh
Okawaru
Ru
Sif Muna
Uskayaw
Yredelemnul

Shops:
D:6 =*   D:9 ??(!   D:10 [

Annotations:
D:5 2 runed translucent doors, glooby's ghost, amateur GrMo
D:8 3 runed translucent doors, Dwarfmetheus's ghost, novice MDMo
Lair:4 Nessos


Innate Abilities, Weirdness & Mutations

You have large cloven feet.
When hurt, damage is shared between your health and your magic reserves.
You regenerate magic rapidly.
When seriously injured, your blood forms thick armour. (AC +9)
Spells you cast and wands you use may paralyse nearby enemies.


Message History

Aim: a cane toad (heavily wounded, paralysed)
The sticky flame hits the cane toad.
The cane toad is severely wounded.
Malevolent energies surge around you.
You feel sick.
The cane toad burns!
The cane toad is no longer paralysed.
The cane toad stings you but does no damage.
Nessos gestures wildly while chanting.
Nessos seems to speed up.
You take 1 damage, and have 43/103 hp.
You now have 3/22 mp.
You feel sick.
The cane toad burns!
You kill the cane toad!
Nessos gestures wildly while chanting.
Nessos blinks!
Nessos casts a spell.
Nessos blinks!
You take 1 damage, and have 42/103 hp.
Aiming: Warp Space
Press: ? - help, Shift-Dir - straight line, f - Nessos
Aim: Nessos, wielding a +1 longbow of flaming and wearing a +2 barding (severely wounded, fast, chance to blink: 50%) Space twists violently!
The rupture engulfs Nessos.
Nessos blinks!
Malevolent energies surge around you.
You feel sick.
You take 1 damage, and have 41/103 hp.
You start resting.
You feel sick. x2
Nessos shoots an arrow.
The arrow hits you!
* * * LOW HITPOINT WARNING * * *
The arrow burns you!
* * * LOW HITPOINT WARNING * * *
Nessos casts a spell.
Nessos blinks!
You take 21 damage, and have 20/103 hp.
MASSIVE DAMAGE!!
You now have 4/22 mp.
Casting: Sticky Flame (dangerous; 4% risk of failure)
Confirm with . or Enter, or press ? or * to list all spells.
You begin to radiate toxic energy.
Nessos is poisoned.
Malevolent energies surge around you.
You feel sick.
You are no longer poisoned.
Nessos shoots an arrow.
The arrow hits you!
* * * LOW HITPOINT WARNING * * *
The arrow burns you.
You die...
Your body crumbles into a pile of gold.

... .§.......### #.....
...####......##### ....
......#.c....##≈≈##...#.
.§..$.........#≈≈≈≈....
.#...$............≈..
......$...##...≈≈≈≈..
#....$....##.........
.#.....$.........##..
..).....@[......## #
#P..#.....$..P..#
...........#....#
....#P.#...##$.....
#..##...####....... ..
#P.P ....##.. #### .#.#
#. ##


You could see Nessos (fast, poisoned).

Vanquished Creatures
  A two-headed ogre (D:10)
  3 hydras
  A boulder beetle (Lair:1)
  Nergalle (Lair:1)
  2 skysharks (Lair:3)
  A deep elf pyromancer (D:8)
  An oklob plant (Lair:2)
  4 ugly things (D:8)
  A cyclops (D:11)
  3 elephants (Lair:2)
  2 black mambas (Lair:1)
  Joseph (D:10)
  2 merfolk sirens (Lair:2)
  13 cane toads
  Maggie (D:8)
  A rime drake (Lair:4)
  An unseen horror (D:10)
  7 komodo dragons
  2 trolls (D:10)
  2 polar bears
  4 jumping spiders (Lair:3)
  A hornet (D:10)
  4 culicivoras (Lair:3)
  4 wyverns
  2 shadows
  37 yaks
  A wraith (D:11)
  2 basilisks (Lair:2)
  5 vampire mosquitoes
  Menkaure (D:4)
  2 acid dragons
  7 water moccasins
  3 ice beasts
  13 orc warriors
  2 ogres
  A sky beast (D:6)
  3 black bears
  15 wolves
  10 centaurs
  3 phantoms
  11 bullfrogs
  2 kobold brigands
  4 scorpions
  A gnoll sergeant (D:11)
  5 wights (D:9)
  6 electric eels
  7 howler monkeys
  A bombardier beetle (D:5)
  7 orc priests
  4 hounds (D:10)
  2 gnoll boudas
  3 iguanas
  Crazy Yiuf (D:3)
  Terence (D:2)
  Natasha (thrice) (D:2)
  10 orc wizards
  15 hell rats
  6 adders
  19 gnolls
  A shadow imp (D:6)
  2 white imps
  4 ufetubi
  4 dart slugs
  2 ribbon worms
  51 orcs
  10 endoplasms
  3 giant cockroaches
  10 goblins
  5 hobgoblins
  17 kobolds
  6 quokkas
  3 ball pythons
  5 bats
  A frilled lizard (D:2)
  12 rats
414 creatures vanquished.

Vanquished Creatures (others)
  An orc wizard (D:4)
1 creature vanquished.

Grand Total: 415 creatures vanquished

Notes
Turn   | Place    | Note
-------+----------+-------------------------------------------
     0 | D:1      | jasper the Demonspawn Alchemist began the quest for the
                  | Orb.
     0 | D:1      | Reached XP level 1. HP: 13/13 MP: 3/3
   160 | D:1      | Gained mutation: Spells you cast may paralyse adjacent
                  | enemies. [demonic ancestry]
   160 | D:1      | Reached XP level 2. HP: 19/19 MP: 0/5
   609 | D:2      | Noticed Terence
   611 | D:2      | Noticed Natasha
   685 | D:2      | Killed Natasha
   686 | D:2      | Gained mutation: You have large cloven feet. [demonic
                  | ancestry]
   686 | D:2      | Reached XP level 3. HP: 15/24 MP: 0/6
   690 | D:2      | Learned a level 3 spell: Mephitic Cloud
   715 | D:2      | Killed Terence
   716 | D:2      | Reached skill level 5 in Alchemy
   716 | D:2      | Gained mutation: Spells you cast may paralyse nearby
                  | enemies. [demonic ancestry]
   716 | D:2      | Reached XP level 4. HP: 20/30 MP: 0/7
   844 | D:2      | Noticed Natasha
   851 | D:2      | Killed Natasha
   898 | D:2      | Identified the ring of Zoqalus {Slay+4 Stlth+}
  1089 | D:2      | Noticed Natasha
  1414 | D:2      | Killed Natasha
  1415 | D:2      | Reached XP level 5. HP: 24/35 MP: 5/8
  1734 | D:2      | Learned a level 4 spell: Olgreb's Toxic Radiance
  2141 | D:3      | Found a faded altar of an unknown god.
  2517 | D:3      | Found a runed translucent door.
  2518 | D:3      | Noticed Crazy Yiuf
  2708 | D:3      | Killed Crazy Yiuf
  2806 | D:4      | Noticed an ice beast
  2815 | D:4      | Killed an ice beast
  2816 | D:4      | Gained mutation: When seriously injured, your blood forms
                  | armour. (AC +9) [demonic ancestry]
  2816 | D:4      | Reached XP level 6. HP: 23/41 MP: 1/9
  2900 | D:4      | Found a blossoming altar of Fedhas.
  3099 | D:4      | Identified the +0 ring mail of the Blind Marksman {Int+3
                  | SInv}
  3174 | D:4      | Noticed Menkaure
  3188 | D:4      | Killed Menkaure
  3189 | D:4      | Reached XP level 7. HP: 27/46 MP: 6/10
  3605 | D:4      | Identified the +0 sling of Causality {flame, rN+ Will+
                  | Int+3}
  3905 | D:4      | Identified the +0 helmet "Sopeopn" {rN+}
  4088 | D:5      | Entered Level 5 of the Dungeon
  4093 | D:5      | Reached skill level 1 in Fighting
  4282 | D:5      | Gained mutation: You regenerate magic rapidly. [demonic
                  | ancestry]
  4282 | D:5      | Reached XP level 8. HP: 56/56 MP: 3/12
  4399 | D:5      | Identified a scroll of acquirement
  4399 | D:5      | Acquired 884 gold pieces
  4407 | D:5      | Learned a level 4 spell: Sticky Flame
  4419 | D:5      | Reached skill level 1 in Fire Magic
  4552 | D:5      | Found a large runed translucent door.
  4552 | D:5      | Found a large runed translucent door.
  4557 | D:5      | Noticed glooby's ghost (amateur GrMo)
  5301 | D:6      | Found Vunopp's Gadget Gallery.
  5310 | D:6      | Bought a condenser vane for 440 gold pieces
  5310 | D:6      | Bought a wand of quicksilver (5) for 231 gold pieces
  5405 | D:6      | Found Fozxugu's Jewellery Shop.
  5410 | D:6      | Bought an amulet of magic regeneration for 390 gold pieces
  5930 | D:7      | Found an opulent altar of Gozag.
  5941 | D:7      | Became a worshipper of Gozag Ym Sagoz the Greedy
  5960 | D:7      | Gained mutation: Spells you cast and wands you use may
                  | paralyse nearby enemies. [demonic ancestry]
  5960 | D:7      | Reached XP level 9. HP: 62/65 MP: 3/13
  6078 | D:7      | Found a flagged portal.
  6091 | Bailey   | Entered a bailey
  6440 | Bailey   | Reached skill level 5 in Fighting
  6582 | Bailey   | Reached skill level 5 in Dodging
  6650 | Bailey   | Reached skill level 5 in Spellcasting
  6846 | Bailey   | Learned a level 5 spell: Irradiate
  7019 | Bailey   | Identified the +1 bardiche of the Trees {heavy, rN+ Int+2}
  7060 | Bailey   | Gained mutation: When hurt, damage is shared between your
                  | health and your magic reserves. [demonic ancestry]
  7060 | Bailey   | Reached XP level 10. HP: 40/76 MP: 16/19
  7596 | D:7      | Found a staircase to the Ecumenical Temple.
  7954 | D:7      | Found a shadowy altar of Dithmenos.
  7954 | D:7      | Found a basalt altar of Yredelemnul.
  8310 | D:8      | Noticed Maggie
  8319 | D:8      | Killed Maggie
  8320 | D:8      | Reached skill level 5 in Conjurations
  8406 | D:8      | Found a runed translucent gate.
  8406 | D:8      | Found a runed translucent gate.
  8406 | D:8      | Found a runed translucent gate.
  8406 | D:8      | Noticed a cyan ugly thing
  8406 | D:8      | Noticed a purple ugly thing
  8407 | D:8      | Noticed a purple ugly thing
  8407 | D:8      | Noticed a red ugly thing
  8417 | D:8      | Noticed a deep elf pyromancer
  8435 | D:8      | Killed a deep elf pyromancer
  8612 | D:8      | Found a shimmering blue altar of Sif Muna.
  8895 | D:8      | Killed a red ugly thing
  8897 | D:8      | Killed a cyan ugly thing
  8898 | D:8      | Killed a cyan ugly thing
  8899 | D:8      | Killed a red ugly thing
  8906 | D:8      | Found a runed translucent gate.
  8906 | D:8      | Found a runed translucent gate.
  8907 | D:8      | Got the Catalogue of Conflict and Soot
  9082 | D:8      | Found a runed translucent gate.
  9085 | D:8      | Noticed a harpy
  9087 | D:8      | Noticed Dwarfmetheus's ghost (novice MDMo)
  9087 | D:8      | a harpy changed into a cane toad
  9087 | D:8      | Noticed a cane toad (shapeshifter)
  9092 | D:8      | a cane toad changed into a fire bat
  9164 | D:9      | Found Voudenkeck's Distillery.
  9215 | D:9      | Bought a potion of curing for 39 gold pieces
  9215 | D:9      | Bought a potion of curing for 39 gold pieces
  9215 | D:9      | Bought a potion of curing for 39 gold pieces
  9215 | D:9      | Bought a potion of curing for 39 gold pieces
  9215 | D:9      | Bought a potion of curing for 39 gold pieces
  9268 | D:9      | Found a sparkling altar of Nemelex Xobeh.
  9314 | D:9      | Noticed a +0 short sword
  9314 | D:9      | Noticed a +0 falchion
  9314 | D:9      | Noticed a +0 spear
  9331 | D:9      | Found a hide-covered altar of Uskayaw.
  9331 | D:9      | Noticed a +0 dagger
  9331 | D:9      | Noticed a +0 falchion
  9331 | D:9      | Noticed a +0 spear
  9333 | D:9      | Noticed a +0 short sword
  9334 | D:9      | Noticed a +0 dagger
  9443 | D:9      | Found Hounweh's Magic Scroll Shoppe.
  9444 | D:9      | Found Lerch's Magic Scroll Boutique.
  9453 | D:9      | Bought a scroll of amnesia for 52 gold pieces
  9458 | D:9      | Bought a scroll of blinking for 75 gold pieces
  9522 | D:9      | Found Xorei's Weapon Shop.
  9685 | D:9      | Reached XP level 11. HP: 82/83 MP: 18/20
  9686 | D:9      | Found a broken altar of Ashenzari.
  9921 | D:10     | Entered Level 10 of the Dungeon
  9955 | D:10     | Noticed Joseph
  9963 | D:10     | Killed Joseph
 10050 | D:10     | Found an ancient bone altar of Kikubaaqudgha.
 10071 | D:10     | Found a staircase to the Orcish Mines.
 10156 | D:10     | Found Utiof's Antique Armour Emporium.
 10165 | D:10     | Reached skill level 10 in Alchemy
 10171 | D:10     | Found an iron altar of Okawaru.
 10223 | D:9      | Bought a scroll of acquirement for 676 gold pieces
 10223 | D:9      | Acquired the Book of Citrinitas
 10230 | D:9      | Learned a level 4 spell: Ignite Poison
 10433 | D:10     | Found a sacrificial altar of Ru.
 10433 | D:10     | Noticed a two-headed ogre
 10439 | D:10     | Killed a two-headed ogre
 10647 | D:10     | Found a staircase to the Lair.
 10791 | D:10     | Found a hazy altar of Hepliaklqana.
 11645 | D:11     | Identified the +0 robe "Ikul" {Str+4}
 11911 | Lair:1   | Entered Level 1 of the Lair of Beasts
 12090 | Lair:1   | Noticed Nergalle
 12099 | Lair:1   | Killed Nergalle
 12214 | Lair:1   | Reached XP level 12. HP: 85/95 MP: 15/21
 12414 | Lair:1   | Reached skill level 10 in Fighting
 12770 | Lair:1   | Noticed a boulder beetle
 12778 | Lair:1   | Killed a boulder beetle
 12779 | Lair:1   | Reached skill level 10 in Dodging
 13016 | Lair:1   | Reached skill level 1 in Shields
 13096 | Lair:2   | Noticed a seven-headed hydra
 13111 | Lair:2   | Killed a seven-headed hydra
 13189 | Lair:2   | Noticed a five-headed hydra
 13200 | Lair:2   | Killed a five-headed hydra
 13201 | Lair:2   | Reached skill level 5 in Shields
 13563 | Lair:2   | Found a staircase to the Shoals.
 14140 | Lair:2   | Gained mutation: When seriously injured, your blood forms
                  | thick armour. (AC +9) [demonic ancestry]
 14140 | Lair:2   | Reached XP level 13. HP: 103/103 MP: 22/22
 14503 | Lair:3   | Found a broken altar of Ashenzari.
 14578 | Lair:3   | Found a hole to the Spider Nest.
 15642 | Lair:4   | Reached skill level 10 in Shields
 15646 | Lair:4   | Identified the +9 quarterstaff of Huvel {holy, Dex+6}
 15646 | Lair:4   | Noticed Nessos
 15666 | Lair:4   | HP: 3/103 [Nessos/arrow (16)]
 15666 | Lair:4   | Shot with an arrow by Nessos

Illustrated notes

Levels and vault maps discovered:
D:1:      dpeg_arrival_fog, layout_rooms
D:2:      layout_rooms, kennysheep_nondescript, minmay_vboxes, uniq_natasha,
          uniq_terence
D:3:      layout_rooms, dreamdust_ecumenical_altar_grove, minmay_hedge_maze,
          uniq_crazy_yiuf_cottage
D:4:      layout_loops_ring, fedhas_ov_isle_minmay, uniq_menkaure
D:5:      layout_loops_ring, ebering_ghost_disaster_area
D:6:      layout_gridville, lemuel_tele_altar, mainiacjoe_overflow_boulevard,
          serial_shops, nicolae_shop_rolling_square, minivault_11,
          nicolae_shop_gadgets
D:7:      layout_gridville, gammafunk_temple_overflow_elements,
          lemuel_crystal_altar, minmay_temple_entry_crystal_x, enter_bailey_3
D:8:      layout_loops_ring, nicolae_sif_muna_condensation, serial_glass,
          glass_columns_a, glass_columns_a, glass_columns_a, glass_columns_b,
          glass_columns_b, glass_columns_b, glass_columns_a, glass_columns_b,
          ploomutoo_gammafunk_ghost_potion_laboratory, uniq_maggie
D:9:      layout_loops_ring, nicolae_uskayaw_en_pointe,
          nemelex_xobeh_ov_fountains_minmay, ashenzari_conservatory_becter,
          serial_shops, shop, shop, nicolae_shop_advertising_works
          [nicolae_subvault_shop_adworks], kennysheep_little_box
D:10:     layout_cave_pools, overflow_temple_1_default, marbit_many_paths,
          mainiacjoe_overflow_24_doors, okawaru_gym_becter, erik_lair_island,
          david_orc_3, serial_shops, shop, uniq_joseph
D:11:     layout_cave_pods, serial_glass, glass_columns_b, glass_columns_b,
          glass_columns_c, glass_columns_b, glass_columns_a, glass_columns_b
Lair:1:   layout_chaotic_city, st_stairs_5, nzn_sisyphean_effort,
          grunt_megastairs_2, infiniplex_staircase_pool_2, uniq_nergalle
Lair:2:   layout_long_grid, elwin_shoals_entry_rooms, wad_woods_river_01
Lair:3:   layout_regular_city, nicolae_spider_entry_tight_spaces, basic_altar
Lair:4:   layout_misc_corridors, serial_rivers, chequers_serial_rivers_small_a,
          chequers_serial_rivers_micro_e, chequers_serial_rivers_micro_b,
          chequers_serial_rivers_micro_d, chequers_serial_rivers_large_a,
          uniq_nessos

Skill      XL: |  1  2  3  4  5  6  7  8  9 10 11 12 13 |
---------------+----------------------------------------+-----
Alchemy        | 4 5 7 8 9 10 | 10.5
Conjurations   | 2 4 6 8 |  8.0
Dodging        | 2 4 5 6 8 10 | 10.0
Fighting       | 1 4 5 6 9 10 | 10.0
Spellcasting   | 3 6 |  6.0
Fire Magic     | 4 |  4.0
Shields        | 7 10 | 10.3
Stealth        | |  1.7

Action                     |  1- 3 |  4- 6 |  7- 9 | 10-12 | 13-15 || total
---------------------------+-------+-------+-------+-------+-------++-------
  Melee: Club              |     4 |       |       |       |       ||     4
         Unarmed           |     1 |       |       |       |       ||     1
         Short sword       |     7 |    52 |     6 |       |       ||    65
         Kick              |     2 |     7 |       |       |       ||     9
         Dagger            |       |       |    44 |   167 |    37 ||   248
   Cast: Sting             |    31 |   105 |    67 |    14 |     2 ||   219
         Olgreb's Toxic Ra |       |     3 |    56 |    92 |    23 ||   174
         Sticky Flame      |       |       |     3 |    45 |     9 ||    57
         Ignite Poison     |       |       |       |    45 |    21 ||    66
         Irradiate         |       |       |       |     1 |       ||     1
         Mephitic Cloud    |       |       |       |     5 |     1 ||     6
  Evoke: Wand              |       |       |       |     6 |     1 ||     7
         Condenser vane    |       |       |       |     2 |       ||     2
    Use: Scroll            |     1 |    10 |     5 |     8 |       ||    24
   Stab: Paralysed         |     2 |    19 |    17 |    55 |    14 ||   107
         Sleeping          |       |       |     1 |     2 |     1 ||     4
         Distracted        |       |       |       |     1 |       ||     1
 Armour: Robe              |     8 |    30 |    86 |    89 |    26 ||   239
  Dodge: Dodged            |     6 |    31 |    56 |   185 |    52 ||   330

Table legend: (Time is in decaauts)
 A = Elapsed time spent in this place.
 B = Non-inter-level travel time spent in this place.
 C = Inter-level travel time spent in this place.
 D = Time resting spent in this place.
 E = Time spent auto-exploring this place.
 F = Levels seen in this place.
 G = Mean time per level.
                   A        B        C        D        E       F      G
               +--------+--------+--------+--------+--------+-----+--------+
         Total |  15718 |  15175 |    543 |    268 |  12185 |  16 |  982.4 |
       Dungeon |  10665 |  10182 |    483 |    204 |   8327 |  11 |  969.5 |
          Lair |   3783 |   3723 |     60 |     11 |   3009 |   4 |  945.8 |
        Bailey |   1269 |   1269 |      0 |     53 |    849 |   1 | 1269.0 |
               +--------+--------+--------+--------+--------+-----+--------+

Top non-repeatable levels by time:
  Lair:2: 1445 daAuts
     D:4: 1284 daAuts
  Bailey: 1269 daAuts
  Lair:1: 1160 daAuts
     D:2: 1099 daAuts
     D:3: 1053 daAuts
     D:5: 1039 daAuts
    D:10: 1014 daAuts
     D:7: 1013 daAuts
  Lair:3: 965 daAuts
    D:11: 933 daAuts
     D:8: 930 daAuts
     D:9: 845 daAuts
     D:6: 801 daAuts
     D:1: 648 daAuts
